cohdb
Replays
Latest Replays
All Replays
Popular Replays
Top Player Replays
Match Explorer
How It Works
Community
CoH3 Stats
Reddit
Sign in to upload your games and track your stats! →
Sign in with Steam
Match 44121162
Unlisted
Match 44121162
Overview
Messages
Build Orders
End
Engineer Squad
Construct Barracks
1⁄4-ton 4x4 Truck
Riflemen Squad
Riflemen Squad
Riflemen Squad
Infantry Support Center
Construct Motor Pool
M8 Greyhound Armored Car
Selects Heavy Weapons
Selects M2HB .50cal Heavy Machine Gun
Selects Assault Carriers
M1918 Browning Automatic Rifles
Grenade Package
Selects Halftrack Strongpoints
M8 Greyhound Armored Car
Survival Training
Advanced Logistics
M1 Anti-tank Gun Team
Symbiosis
CAuMOH
REDFORCE
Erwin Rommel
0
0
Comments
sign in to comment!
No comments posted yet!